MLB
WASHINGTON NATIONALS @ SAN DIEGO PADRES
09/07/2098
 
TOP OF THE 1ST
Washington Nationals batting - Pitching for San Diego Padres : LHP Robert Bartos
Pitching: LHP Robert Bartos
Batting: RHB Luis Rivera 0-0: Ball
1-0: Ball
2-0: Foul Ball, location: 9LMF
2-1: Ball
3-1: Called Strike
3-2: Base on Balls
Batting: SHB Kyle Spencer 0-0: Foul Ball, location: 2RF
0-1: Foul Ball, location: 2F
0-2: Ball
1-2: Strikes out swinging
Batting: LHB Bubba Main 0-0: Called Strike
0-1: Ball
1-1: Ball
2-1: Foul Ball, location: 23F
2-2: Ball
3-2: Strikes out swinging
Luis Rivera steals 2nd base
Batter strikes out.
Batting: RHB Jon Young 0-0: Ball
1-0: Fly out, F8 (Flyball, 8RS, EV 91.9 MPH)
Top of the 1st over - 0 runs, 0 hits, 0 errors, 1 left on base; Washington 0 - San Diego 0
BOTTOM OF THE 1ST
San Diego Padres batting - Pitching for Washington Nationals : RHP Liam Dorfman
Pitching: RHP Liam Dorfman
Batting: LHB Eric Schoonover 0-0: Called Strike
0-1: Foul Ball, location: 2LF
0-2: Strikes out looking
Batting: RHB Maxwell Judson 0-0: Fly out, F6 (Line Drive, 6, EV 66.3 MPH)
Batting: RHB Jose Barillas 0-0: DOUBLE (Flyball, 8LXD, EV 97.5 MPH)
Batting: LHB Joel Sherlock 0-0: Called Strike
0-1: Ball
1-1: Ground out 4-3 (Groundball, 4, EV 82.5 MPH)
Bottom of the 1st over - 0 runs, 1 hit, 0 errors, 1 left on base; Washington 0 - San Diego 0
TOP OF THE 2ND
Washington Nationals batting - Pitching for San Diego Padres : LHP Robert Bartos
Batting: RHB Jose Orozco 0-0: Ball
1-0: Called Strike
1-1: Ball
2-1: Fly out, F4 (Line Drive, 4, EV 70.6 MPH)
Batting: LHB Jose Lara 0-0: Called Strike
0-1: Foul Ball, location: 9LDF
0-2: Ball
1-2: SINGLE (Line Drive, 6MD, EV 97.5 MPH)
Batting: RHB Mario Garcia 0-0: Foul Ball, location: 9LSF
0-1: Swinging Strike
0-2: Ball
1-2: Foul Ball, location: 3FF
1-2: Fly out, F8 (Flyball, 8LD, EV 101.9 MPH)
Batting: RHB Isaiah Williams 0-0: Ball
1-0: Foul Ball, location: 2F
1-1: Foul Ball, location: 2F
1-2: Ball
2-2: Ball
3-2: Strikes out swinging
Top of the 2nd over - 0 runs, 1 hit, 0 errors, 1 left on base; Washington 0 - San Diego 0
BOTTOM OF THE 2ND
San Diego Padres batting - Pitching for Washington Nationals : RHP Liam Dorfman
Batting: RHB Tony Woody 0-0: Called Strike
0-1: SINGLE (Groundball, 4D, EV 109.4 MPH)
Batting: RHB Chris Santos 0-0: Ball
1-0: DOUBLE (Line Drive, 7LD, EV 106.9 MPH)
Tony Woody to third
Batting: LHB Jamie Wortman 0-0: Swinging Strike
0-1: Ball
1-1: Ground out 1-3 (Groundball, 13S, EV 63.8 MPH)
Batting: LHB R.J. Correll 0-0: Foul Ball, location: 9LMF
0-1: Foul Ball, location: 2F
0-2: Fly out, F8 (Line Drive, 8LD, EV 98.8 MPH)
Throwing error, E8
Tony Woody scores
Chris Santos to third
Batting: RHB Alfredo Beltran 0-0: Ball
1-0: Ball
2-0: Called Strike
2-1: Ground out U3 (Groundball, 3S, EV 65.0 MPH)
Bottom of the 2nd over - 1 run, 2 hits, 1 error, 1 left on base; Washington 0 - San Diego 1
TOP OF THE 3RD
Washington Nationals batting - Pitching for San Diego Padres : LHP Robert Bartos
Batting: LHB Sean Weaver 0-0: Called Strike
0-1: Ground out 4-3 (Groundball, 4, EV 85.6 MPH)
Pitching: RHP Jamal Grasty
Batting: RHB Luis Rivera 0-0: Bunt missed!
0-1: Ball
1-1: Ground out 5-3 (Groundball, 56S, EV 70.0 MPH)
Batting: SHB Kyle Spencer 0-0: Ball
1-0: Ball
2-0: Called Strike
2-1: Ball
3-1: Foul Ball, location: 2F
3-2: Base on Balls
Batting: LHB Bubba Main 0-0: Ball
1-0: Ball
2-0: SINGLE (Groundball, 34D, EV 106.9 MPH)
Kyle Spencer to second
Runner from 2nd tries for 3rd, SAFE, no throw by RF
Batting: RHB Jon Young 0-0: Ball
1-0: Foul Ball, location: 23FF
1-1: Called Strike
1-2: Foul Ball, location: 2F
1-2: Ball
2-2: Strikes out swinging
Top of the 3rd over - 0 runs, 1 hit, 0 errors, 2 left on base; Washington 0 - San Diego 1
BOTTOM OF THE 3RD
San Diego Padres batting - Pitching for Washington Nationals : RHP Liam Dorfman
Batting: LHB Eric Schoonover 0-0: Swinging Strike
0-1: Foul Ball, location: 7LSF
0-2: Strikes out looking
Batting: RHB Maxwell Judson 0-0: Ball
1-0: Called Strike
1-1: Ground out 5-3 (Groundball, 5S, EV 77.5 MPH)
Batting: RHB Jose Barillas 0-0: Ball
1-0: Foul Ball, location: 9LDF
1-1: Foul Ball, location: 3FF
1-2: Fly out, F7 (Flyball, 7S, EV 88.8 MPH)
Bottom of the 3rd over - 0 runs, 0 hits, 0 errors, 0 left on base; Washington 0 - San Diego 1
TOP OF THE 4TH
Washington Nationals batting - Pitching for San Diego Padres : RHP Jamal Grasty
Batting: RHB Jose Orozco 0-0: Ball
1-0: Ball
2-0: Called Strike
2-1: Ground out 6-3 (Groundball, 6, EV 85.6 MPH)
Batting: LHB Jose Lara 0-0: Called Strike
0-1: Ball
1-1: Foul Ball, location: 5F
1-2: Strikes out swinging
Batting: RHB Mario Garcia 0-0: Called Strike
0-1: Foul Ball, location: 2F
0-2: Strikes out looking
Top of the 4th over - 0 runs, 0 hits, 0 errors, 0 left on base; Washington 0 - San Diego 1
BOTTOM OF THE 4TH
San Diego Padres batting - Pitching for Washington Nationals : RHP Liam Dorfman
Batting: LHB Joel Sherlock 0-0: Swinging Strike
0-1: Foul Ball, location: 9LSF
0-2: Ball
1-2: Strikes out swinging
Batting: RHB Tony Woody 0-0: Called Strike
0-1: Foul Ball, location: 3SF
0-2: Foul Ball, location: 3F
0-2: Ball
1-2: Ball
2-2: Ball
3-2: Fly out, F8 (Flyball, 78M, EV 91.9 MPH)
Batting: RHB Chris Santos 0-0: Ball
1-0: Fly out, F9 (Flyball, 9S, EV 82.5 MPH)
Bottom of the 4th over - 0 runs, 0 hits, 0 errors, 0 left on base; Washington 0 - San Diego 1
TOP OF THE 5TH
Washington Nationals batting - Pitching for San Diego Padres : RHP Jamal Grasty
Batting: RHB Isaiah Williams 0-0: Foul Ball, location: 3F
0-1: Ball
1-1: Foul Ball, location: 2F
1-2: Ball
2-2: DOUBLE (Flyball, 8RXD, EV 105.0 MPH)
Pitching: LHP Bryant Miller
Batting: LHB Sean Weaver 0-0: Ball
1-0: Called Strike
1-1: Called Strike
1-2: Ball
2-2: Ball
3-2: Strikes out looking
Batting: RHB Luis Rivera 0-0: Called Strike
0-1: Ball
1-1: Ball
2-1: DOUBLE (Line Drive, 3D, EV 110.0 MPH)
Isaiah Williams scores
Batting: SHB Kyle Spencer 0-0: Called Strike
0-1: Ball
1-1: Foul Ball, location: 5F
1-2: Ball
2-2: Strikes out swinging
Batting: LHB Bubba Main 0-0: Called Strike
0-1: Ground out 4-3 (Groundball, 4, EV 86.9 MPH)
Top of the 5th over - 1 run, 2 hits, 0 errors, 1 left on base; Washington 1 - San Diego 1
BOTTOM OF THE 5TH
San Diego Padres batting - Pitching for Washington Nationals : RHP Liam Dorfman
Batting: LHB Jamie Wortman 0-0: Ball
1-0: Foul Ball, location: 2F
1-1: Ball
2-1: Ground out 4-3 (Groundball, 4, EV 85.6 MPH)
Batting: LHB R.J. Correll 0-0: Called Strike
0-1: Fly out, F9 (Flyball, 89D, EV 91.9 MPH)
Batting: RHB Alfredo Beltran 0-0: Called Strike
0-1: Ball
1-1: Ground out 4-3 (Groundball, 4, EV 81.3 MPH)
Bottom of the 5th over - 0 runs, 0 hits, 0 errors, 0 left on base; Washington 1 - San Diego 1
TOP OF THE 6TH
Washington Nationals batting - Pitching for San Diego Padres : LHP Bryant Miller
Batting: RHB Jon Young 0-0: Ball
1-0: Called Strike
1-1: Swinging Strike
1-2: Fly out, F8 (Flyball, 8RD, EV 108.1 MPH)
Batting: RHB Jose Orozco 0-0: Ball
1-0: Foul Ball, location: 3SF
1-1: Ball
2-1: Foul Ball, location: 2F
2-2: Foul Ball, location: 25F
2-2: Ball
3-2: SOLO HOME RUN (Line Drive, 8LXD, EV 113.8 MPH), Distance : 462 ft
Batting: LHB Jose Lara 0-0: Foul Ball, location: 7LDF
0-1: Ball
1-1: Foul Ball, location: 2F
1-2: Fly out, F7 (Flyball, 7S, EV 90.6 MPH)
Pitching: RHP George Hulings
Batting: RHB Mario Garcia 0-0: Called Strike
0-1: Fly out, F7 (Flyball, 7, EV 80.6 MPH)
Top of the 6th over - 1 run, 1 hit, 0 errors, 0 left on base; Washington 2 - San Diego 1
BOTTOM OF THE 6TH
San Diego Padres batting - Pitching for Washington Nationals : RHP Liam Dorfman
Batting: LHB Eric Schoonover 0-0: Ball
1-0: Reached via error on a dropped throw from 2B, E3 (Groundball, 4, EV 105.6 MPH)
Batting: RHB Maxwell Judson 0-0: Ball
1-0: Ball
2-0: Called Strike
2-1: Fly out, F9 (Line Drive, 9S, EV 89.4 MPH)
Batting: RHB Jose Barillas 0-0: Swinging Strike
0-1: Ball
1-1: Ball
2-1: Ball
3-1: Foul Ball, location: 9LDF
3-2: Foul Ball, location: 3DF
3-2: Foul Ball, location: 3F
3-2: Grounds into double play, 4-6-3 (Groundball, 4, EV 87.5 MPH)
Bottom of the 6th over - 0 runs, 0 hits, 1 error, 0 left on base; Washington 2 - San Diego 1
TOP OF THE 7TH
Washington Nationals batting - Pitching for San Diego Padres : RHP George Hulings
Pitching: LHP Seth Oltmans
Batting: RHB Isaiah Williams 0-0: Swinging Strike
0-1: Foul Ball, location: 2F
0-2: Foul Ball, location: 2RF
0-2: Foul Ball, location: 23F
0-2: Ball
1-2: Ball
2-2: Strikes out swinging
Batting: LHB Sean Weaver 0-0: SINGLE (Line Drive, 56D, EV 93.8 MPH)
Batting: RHB Luis Rivera 0-0: Called Strike
0-1: Swinging Strike
0-2: Strikes out swinging
Batting: SHB Kyle Spencer 0-0: Swinging Strike
0-1: Ball
1-1: Called Strike
1-2: Strikes out swinging
Top of the 7th over - 0 runs, 1 hit, 0 errors, 1 left on base; Washington 2 - San Diego 1
BOTTOM OF THE 7TH
San Diego Padres batting - Pitching for Washington Nationals : RHP Liam Dorfman
Batting: LHB Joel Sherlock 0-0: Called Strike
0-1: Called Strike
0-2: Ball
1-2: Ball
2-2: SINGLE (Groundball, 4D, EV 101.9 MPH)
Batting: RHB Tony Woody 0-0: Ball
1-0: Foul Ball, location: 7LMFF
1-1: Ball
2-1: Ball
3-1: Base on Balls
Joel Sherlock to second
Batting: RHB Chris Santos 0-0: Sac Bunt to P - play at third, runner OUT -> throw to first, DP!
Tony Woody to second
Batting: LHB Jamie Wortman 0-0: Called Strike
0-1: Ball
1-1: Called Strike
1-2: Ball
2-2: Ground out 1-3 (Groundball, 13S, EV 70.6 MPH)
Bottom of the 7th over - 0 runs, 1 hit, 0 errors, 1 left on base; Washington 2 - San Diego 1
TOP OF THE 8TH
Washington Nationals batting - Pitching for San Diego Padres : LHP Seth Oltmans
Batting: LHB Bubba Main 0-0: Called Strike
0-1: Swinging Strike
0-2: Ball
1-2: Strikes out swinging, 2-3 out at first.
Batting: RHB Jon Young 0-0: Called Strike
0-1: Ball
1-1: Ball
2-1: Ball
3-1: SOLO HOME RUN (Line Drive, 78XD, EV 105.6 MPH), Distance : 414 ft
Pitching: RHP Dan Ketterer
Batting: RHB Jose Orozco 0-0: Ball
1-0: Foul Ball, location: 9LSF
1-1: Ball
2-1: Called Strike
2-2: Fly out, F7 (Flyball, 7, EV 91.9 MPH)
Batting: LHB Jose Lara 0-0: Ball
1-0: Ball
2-0: Called Strike
2-1: Ball
3-1: Base on Balls
Batting: RHB Mario Garcia 0-0: Foul Ball, location: 3F
0-1: DOUBLE (Flyball, 7LD, EV 103.1 MPH)
Jose Lara to third
Runner from 3rd tries for Home, SAFE, throw by LF to trailing runner, OUT at third! 7-3-5
Top of the 8th over - 2 runs, 2 hits, 0 errors, 0 left on base; Washington 4 - San Diego 1
BOTTOM OF THE 8TH
San Diego Padres batting - Pitching for Washington Nationals : RHP Liam Dorfman
Batting: LHB R.J. Correll 0-0: Ball
1-0: Called Strike
1-1: Foul Ball, location: 5SF
1-2: Ball
2-2: Strikes out swinging
Batting: RHB Alfredo Beltran 0-0: Ball
1-0: DOUBLE (Flyball, 78XD, EV 88.1 MPH)
Batting: LHB Eric Schoonover 0-0: Swinging Strike
0-1: Foul Ball, location: 2LF
0-2: Fly out, F8 (Line Drive, 8RD, EV 92.5 MPH)
Batting: RHB Maxwell Judson 0-0: Ball
1-0: Ball
2-0: Ball
3-0: Called Strike
3-1: Foul Ball, location: 2F
3-2: Foul Ball, location: 9LDF
3-2: Ground out 4-3 (Groundball, 4, EV 90.0 MPH)
Bottom of the 8th over - 0 runs, 1 hit, 0 errors, 1 left on base; Washington 4 - San Diego 1
TOP OF THE 9TH
Washington Nationals batting - Pitching for San Diego Padres : RHP Dan Ketterer
Batting: RHB Isaiah Williams 0-0: Ball
1-0: Called Strike
1-1: Called Strike
1-2: Strikes out swinging
Batting: LHB Sean Weaver 0-0: Ball
1-0: Ball
2-0: Foul Ball, location: 23FF
2-1: Ball
3-1: Called Strike
3-2: Strikes out swinging
Batting: RHB Luis Rivera 0-0: Called Strike
0-1: Ball
1-1: Fly out, F9 (Flyball, 89M, EV 88.8 MPH)
Top of the 9th over - 0 runs, 0 hits, 0 errors, 0 left on base; Washington 4 - San Diego 1
BOTTOM OF THE 9TH
San Diego Padres batting - Pitching for Washington Nationals : RHP Liam Dorfman
Pitching: RHP Curt Tupper
Batting: RHB Jose Barillas 0-0: Ball
1-0: Ball
2-0: Ball
3-0: Base on Balls
Batting: LHB Joel Sherlock 0-0: Ball
1-0: Foul Ball, location: 2F
1-1: Ball
2-1: Swinging Strike
2-2: Ball
3-2: Base on Balls
Jose Barillas to second
Batting: RHB Tony Woody 0-0: Foul Ball, location: 2F
0-1: Foul Ball, location: 9LDF
0-2: 3-RUN HOME RUN (Flyball, 9D, EV 98.8 MPH), Distance : 368 ft
Batting: RHB Chris Santos 0-0: Ground out 5-3 (Groundball, 5D, EV 103.1 MPH)
Batting: LHB Jamie Wortman 0-0: Ball
1-0: Swinging Strike
1-1: Foul Ball, location: 2F
1-2: Strikes out swinging
Batting: LHB R.J. Correll 0-0: Ball
1-0: Foul Ball, location: 5F
1-1: Ball
2-1: Fly out, F7 (Line Drive, 7S, EV 91.3 MPH)
Bottom of the 9th over - 3 runs, 1 hit, 0 errors, 0 left on base; Washington 4 - San Diego 4
TOP OF THE 10TH
Washington Nationals batting - Pitching for San Diego Padres : RHP Dan Ketterer
Pinch Hitting: LHB Jesus Medrano 0-0: Called Strike
0-1: Foul Ball, location: 7LDF
0-2: Strikes out looking
Batting: LHB Bubba Main 0-0: Foul Ball, location: 25F
0-1: Ball
1-1: Ground out 6-3 (Groundball, 4MD, EV 101.9 MPH)
Batting: RHB Jon Young 0-0: Fly out, F7 (Flyball, 8LM, EV 80.0 MPH)
Top of the 10th over - 0 runs, 0 hits, 0 errors, 0 left on base; Washington 4 - San Diego 4
BOTTOM OF THE 10TH
San Diego Padres batting - Pitching for Washington Nationals : RHP Curt Tupper
Pitching: LHP Dave Driskill
Now at SS: Juan Lozano
Batting: RHB Alfredo Beltran 0-0: Called Strike
0-1: Ball
1-1: Called Strike
1-2: Ball
2-2: Fly out, F9 (Line Drive, 9, EV 83.8 MPH)
Pinch Hitting: RHB Jason Borden 0-0: Ball
1-0: Fly out, F8 (Flyball, 8RD, EV 91.9 MPH)
Batting: RHB Maxwell Judson 0-0: Ball
1-0: Called Strike
1-1: Called Strike
1-2: Strikes out looking
Bottom of the 10th over - 0 runs, 0 hits, 0 errors, 0 left on base; Washington 4 - San Diego 4
TOP OF THE 11TH
Washington Nationals batting - Pitching for San Diego Padres : RHP Dan Ketterer
Pitching: RHP John Elliott
Now at C: Colby Krant
Batting: RHB Jose Orozco 0-0: Swinging Strike
0-1: Called Strike
0-2: Ball
1-2: Ball
2-2: Strikes out looking
Batting: LHB Jose Lara 0-0: Called Strike
0-1: Swinging Strike
0-2: Ball
1-2: Ball
2-2: Ball
3-2: SINGLE (Groundball, 56, EV 95.6 MPH)
Batting: RHB Mario Garcia 0-0: Ball
1-0: Foul Ball, location: 23F
1-1: Called Strike
1-2: Ball
2-2: Strikes out swinging
Batting: RHB Isaiah Williams 0-0: Ball
Pickoff Throw to First - Error! E1
Jose Lara to second
1-0: Called Strike
1-1: Fly out, F7 (Flyball, 7S, EV 86.9 MPH)
Top of the 11th over - 0 runs, 1 hit, 1 error, 1 left on base; Washington 4 - San Diego 4
BOTTOM OF THE 11TH
San Diego Padres batting - Pitching for Washington Nationals : LHP Dave Driskill
Pitching: RHP Gene Bowman
Batting: RHB Jose Barillas 0-0: Called Strike
0-1: Called Strike
0-2: Ball
1-2: SINGLE (Groundball, 4S, EV 63.1 MPH) (infield hit)
Batting: LHB Joel Sherlock 0-0: Ball
1-0: Called Strike
1-1: Ball
2-1: Fly out, F7 (Flyball, 78S, EV 89.4 MPH)
Batting: RHB Tony Woody 0-0: SINGLE (Line Drive, 5D, EV 100.0 MPH)
Jose Barillas to second
Batting: RHB Chris Santos 0-0: Called Strike
0-1: Foul Ball, location: 25F
0-2: SINGLE (Groundball, 6D, EV 98.8 MPH)
Jose Barillas to third
Tony Woody to second
Batting: LHB Jamie Wortman 0-0: Ball
1-0: SINGLE (Groundball, 6M, EV 82.5 MPH)
Jose Barillas scores
Bottom of the 11th over - 1 run, 4 hits, 0 errors, 2 left on base; Washington 4 - San Diego 5
Sunday, April 14th , 2024 - OOTP Baseball 24.11 Build 85